 Dungeon Crawl Stone Soup version 0.32-a0-886-g41c5271027 (webtiles) character file.

Game seed: 6838564972830916764

91 Biggs the Shooter (level 4, 0/33 HPs)
             Began as a Coglin Hunter on Apr 2, 2024.
             Slain by an orc
             ... wielding a +0 flail
              (8 damage)
             ... on level 3 of the Dungeon.
             The game lasted 00:01:39 (1253 turns).

Biggs the Shooter (Coglin Hunter)                   Turns: 1253, Time: 00:01:39

Health: 0/33       AC:  4    Str: 11    XL:     4   Next: 59%
Magic:  4/4        EV: 11    Int:  9    God:
Gold:   174        SH:  0    Dex: 19    Spells: 3/3 levels left

rFire   . . .        a - +2 sling {Yuphin}
rCold   . . .        d - +0 sling {Elena}
rNeg    . . .        c - +0 leather armour
rPois   .            p - +0 helmet
rElec   .            (no cloak)
rCorr   .            (no gloves)
SInv    .            (no boots)
Will    .....        (amulet unavailable)
Stlth   ++           (ring unavailable)
HPRegen 0.25/turn    (ring unavailable)
MPRegen 0.09/turn    (no gizmo)

%: no passive effects
@: revved
A: off-hand wielding, slow wielding, warmup strikes, no jewellery
a: Invent Gizmo


You were on level 3 of the Dungeon.
You visited 1 branch of the dungeon, and saw 3 of its levels.

You collected 174 gold pieces.

Inventory:

Hand Weapons
 a - a +2 sling (weapon) {Yuphin}
 d - a +0 sling (offhand) {Elena}
Armour
 c - a +0 leather armour (worn)
 p - a +0 helmet (worn)
Scrolls
 b - a scroll of butterflies
 e - 4 scrolls of identify {unknown}
 h - 2 scrolls of revelation {unknown}
 j - a scroll of noise {unknown}
 k - 2 scrolls of teleportation {unknown}
 l - a scroll of immolation {unknown}
 m - a scroll of acquirement {unknown}
 n - a scroll of enchant armour {unknown}
 o - 2 scrolls of fear {unknown}
 q - 2 scrolls of fog {unknown}
 s - a scroll of vulnerability {unknown}
Potions
 f - 2 potions of curing
 g - a potion of might {unknown}
 i - a potion of cancellation {unknown}
 r - a potion of attraction {unknown}


   Skills:
 - Level 2.0 Fighting
 + Level 5.3 Ranged Weapons
 - Level 1.7 Dodging
 - Level 0.7 Stealth


You had 3 spell levels left.
You didn't know any spells.
Your spell library contained the following spells:

 Spells                   Type           Power      Damage    Failure   Level
 Cigotuvi's Dreadful Rot  Necr/Alch/Air  0%         N/A       63%         2
 Ignite Poison            Fire/Alch      0%         N/A       99%         4
 Freezing Cloud           Conj/Ice/Air   0%         6-21      100%        5


Dungeon Overview and Level Annotations

Branches:
Dungeon (3/15)

Altars:
Xom

Annotations:
D:3 Robin


Innate Abilities, Weirdness & Mutations

You can wield a second weapon in your off-hand.
It takes a long time for you to wield or remove held weapons.
Your first few attacks do less damage.
You cannot equip rings or amulets.


Message History

You shoot a sling bullet. The sling bullet hits the orc priest!
You kill the orc priest!
The orc closely misses you.
Robin and 3 goblins come into view.
Robin is wielding a +3 spectral club.
The goblin shouts!
You hear a shout! x2
Robin roars a battlecry!
The goblins go into a battle-frenzy!
A goblin comes into view. It is wielding a +0 dagger.
The orc hits you but does no damage.
A hobgoblin comes into view.
You hear a shout!
Things that are here:
15 gold pieces; a +0 whip; a +0 ring mail It was a potion of curing.
You feel better.
The goblin shouts!
You hear a shout!
Robin throws the goblin at you! The orc barely misses you.
A goblin comes into view. It is wielding a +0 club.
The goblin misses you.
The goblin unwields a +0 dagger.
The goblin wields a +0 sling.
The goblin shoots a sling bullet.
The sling bullet barely misses you. The goblin attacks as it pursues you!
The goblin hits you but does no damage.
Fire: a) +2 sling {Yuphin}
Press: ? - help, Q - select action Shift-Dir - straight line You shoot a sling bullet.
The sling bullet hits the orc but does no damage.
You shoot a sling bullet. The sling bullet barely misses the orc.
The sling bullet misses the goblin.
The orc hits you with a +0 flail.
* * * LOW HITPOINT WARNING * * *
Unknown command.
Fire: a) +2 sling {Yuphin}
Press: ? - help, Q - select action Shift-Dir - straight line, f - orc
Aim: an orc, wielding a +0 flail and wearing a +0 chain mail (71% to hit)
You shoot a sling bullet. The sling bullet hits the orc.
The orc is moderately wounded.
You shoot a sling bullet.
The sling bullet hits the orc but does no damage.
The orc is moderately wounded.
The orc hits you with a +0 flail!
You die... gg

### g# #..
g##.# #####
...##..^..
###.. .(.......
....#
##g....... ####
#g$)......
######.
#o#.......
........
##@#.......
≈≈≈≈≈≈...
##..#.......
.≈≈≈≈≈≈..
##.†##.......
...._≈≈.# #..##
.......
.≈≈≈≈≈≈.# ##.##
.......
≈≈≈≈≈≈..####>.#
.......
........##...##
.....## #.###
.....# #.#


You could see an orc and 2 goblins.

Vanquished Creatures
  An orc priest (D:3)
  2 adders
  A ribbon worm (D:3)
  An orc (D:3)
  2 endoplasms (D:3)
  A giant cockroach (D:1)
  5 goblins
  5 hobgoblins
  2 quokkas
  5 ball pythons
  A bat (D:1)
  10 frilled lizards
  5 kobolds
  2 rats (D:3)
43 creatures vanquished.

Notes
Turn   | Place    | Note
-------+----------+-------------------------------------------
     0 | D:1      | Biggs the Coglin Hunter began the quest for the Orb.
     0 | D:1      | Reached XP level 1. HP: 16/16 MP: 1/1
   273 | D:1      | Reached skill level 4 in Ranged Weapons
   273 | D:1      | Reached XP level 2. HP: 22/22 MP: 2/2
   488 | D:1      | Found a faded altar of an unknown god.
   583 | D:2      | Reached XP level 3. HP: 27/27 MP: 3/3
  1185 | D:3      | Found a shimmering altar of Xom.
  1190 | D:3      | Reached skill level 5 in Ranged Weapons
  1202 | D:3      | Reached XP level 4. HP: 33/33 MP: 4/4
  1246 | D:3      | HP: 1/33 [orc/+0 flail (3)]
  1248 | D:3      | Noticed Robin
  1253 | D:3      | Slain by an orc

Illustrated notes

Levels and vault maps discovered:
D:1:      onia_arrival_pyramid, layout_loops_ring,
          shapermc_ecumenical_altar_pompeii, chequers_avenue, minmay_lizard_king
D:2:      layout_basic
D:3:      layout_rooms, mainiacjoe_overflow_catwalk,
          nicolae_elevator_lobby_asterisk, uniq_robin

Skill      XL: |  1  2  3 |
---------------+----------+-----
Ranged Weapons | 4 5 |  5.3
Fighting       | |  2.0
Dodging        | |  1.7
Stealth        | |  0.7

Action                     |  1- 3 |  4- 6 || total
---------------------------+-------+-------++-------
   Fire: Sling             |   118 |    30 ||   148
    Use: Potion            |       |     1 ||     1
 Armour: Leather armour    |     4 |    12 ||    16
  Dodge: Dodged            |     7 |     7 ||    14

Table legend: (Time is in decaauts)
 A = Elapsed time spent in this place.
 B = Non-inter-level travel time spent in this place.
 C = Inter-level travel time spent in this place.
 D = Time resting spent in this place.
 E = Time spent auto-exploring this place.
 F = Levels seen in this place.
 G = Mean time per level.
                   A        B        C        D        E       F      G
               +--------+--------+--------+--------+--------+-----+--------+
         Total |   1268 |   1199 |     69 |      0 |   1014 |   3 |  422.7 |
       Dungeon |   1268 |   1199 |     69 |      0 |   1014 |   3 |  422.7 |
               +--------+--------+--------+--------+--------+-----+--------+

Top non-repeatable levels by time:
     D:1: 584 daAuts
     D:2: 482 daAuts
     D:3: 201 daAuts
